Unix NetHack Version 3.7.0-86 Work-in-progress - last build May 30 2023 11:53:40 (cc98dc9aa62a9957b082a042edf5bd7ec9f632c7,branch:master). Game began 2023-06-01 12:11:29, ended 2023-06-04 18:03:48. Mishka, lawful female dwarven Valkyrie }}}}}}}}}}} }}}}}}}}}} }}}}}}}}}------ }}}}}}}}}|....| }}}}}}}.|.0..| -}}}}}}.|....| }} |}}}}}}.|....| --.. |}}}}}}.|...%| }.. ..... }}}}}}}.|.%..| ----}}} ....-}}}}}}.|.)..| ^..}}}}}} ---}}}}}}}}}.|)[).| |}}}}}}}}}}}}}}}}}}.|.%..| ---}}}}}}}}}}..}}}}}}.|....| |}}}}}?..}}}}}}.}2;...|}..%| |}}}}}}}}}}}}}}}.};h..-}[.)| ----}}}}}}..}}}}}};...|}...|1 |.}}..}}}}....}2}}.|....| -}}}}}}}}}}}}}}}}}}------1 }}}}}}}}}}}}}}}}}}}}}}} }}}}}}}}}}}}}}}}}}}}}}}}}}}}}}} Mishka the Warrior St:18/02 Dx:17 Co:18 In:8 Wi:14 Ch:8 Lawful S:173115 Dlvl:27 $:0 HP:0(128) Pw:29(29) AC:-3 Xp:14/82020 T:30561 Latest messages: You can see again. What do you want to take off? [cHJXY or ?*] You were wearing an uncursed +1 ring of gain constitution (on left hand). The electric eel bites! You get zapped! Your ring of gain constitution spins clockwise for a moment. The electric eel brushes against your leg. What do you want to put on? [BQ or ?*] Never mind. What do you want to use or apply? [afijluyBGIOVW or ?*] m - an uncursed ring of warning. The electric eel bites! You get zapped! Your wand of digging breaks apart and explodes! Your wand of magic missile breaks apart and explodes! The electric eel misses! What do you want to put on? [mBQ or ?*] m - an uncursed ring of warning (on left hand). The electric eel bites! You get zapped! Your ring of gain constitution spins clockwise for a moment. The electric eel misses! Your danger sense causes you to take a second look close by. You find an electric eel. The massive hammer hits the electric eel. The electric eel bites! You avoid harm. The electric eel misses! The electric eel bites! You get zapped! The electric eel brushes against your leg. Your danger sense causes you to take a second look close by. You find a jellyfish. The massive hammer hits the electric eel. The jellyfish stings! The electric eel bites! You avoid harm. The electric eel brushes against your leg. The electric eel bites! You avoid harm. The electric eel swings itself around you! You cannot escape from the electric eel! The electric eel bites! You get zapped! The electric eel drowns you... Do you want your possessions identified? [ynq] (y) Do you want to see your attributes? [ynq] (y) Do you want an account of creatures vanquished? [ynaq] (y) Do you want to see your conduct and achievements? [ynq] (y) Do you want to see the dungeon overview? [ynq] (y) Inventory: Amulets e - an uncursed amulet of reflection (being worn) Weapons w - the blessed rustproof +1 Excalibur P - the rustproof +1 Mjollnir (weapon in hand) Armor c - an uncursed rotted +3 small shield (being worn) z - an uncursed +0 dwarvish mithril-coat (being worn) H - an uncursed +0 cloak of magic resistance (being worn) J - an uncursed +0 helm of brilliance (being worn) N - an uncursed +0 Hawaiian shirt with a hula dancer motif (being worn) X - a blessed +0 pair of leather gloves (being worn) Y - an uncursed +0 pair of water walking boots (being worn) Comestibles t - an uncursed lizard corpse D - 2 uncursed food rations Rings m - an uncursed ring of warning (on left hand) o - an uncursed ring of teleport control (on right hand) Q - an uncursed +3 ring of gain constitution Wands l - a wand of lightning (0:6) y - a wand of digging (0:5) G - a blessed wand of teleportation (0:5) W - a wand of magic missile (0:2) Tools a - an uncursed magic whistle i - an uncursed bag of holding containing 53 items u - a +0 unicorn horn B - an uncursed blindfold named Cursed I - an uncursed skeleton key O - an uncursed stethoscope Gems/Stones f - an uncursed luckstone Contents of the bag of holding: 1030 gold pieces a +0 dagger an uncursed apple 2 uncursed food rations an uncursed sprig of wolfsbane a cursed scroll of blank paper an uncursed scroll of charging 4 uncursed scrolls of create monster 4 uncursed scrolls of create monster a cursed scroll of create monster an uncursed scroll of destroy armor 3 uncursed scrolls of enchant armor a cursed scroll of fire an uncursed scroll of food detection an uncursed scroll of gold detection 2 cursed scrolls of gold detection 2 uncursed scrolls of light an uncursed scroll of scare monster an uncursed scroll of scare monster a blessed scroll of stinking cloud a blessed scroll of taming 2 blessed scrolls of teleportation an uncursed scroll of teleportation 3 uncursed scrolls of teleportation a cursed scroll of teleportation 3 cursed scrolls of teleportation a blessed potion of acid an uncursed potion of gain ability 2 uncursed potions of healing an uncursed potion of healing 4 uncursed potions of object detection an uncursed potion of paralysis 5 potions of holy water a blessed +1 ring of adornment an uncursed ring of fire resistance an uncursed ring of polymorph control an uncursed ring of protection from shape changers a wand of cold (0:7) a wand of create monster (0:11) a wand of create monster (0:1) a blessed wand of digging (0:4) a wand of digging (0:6) a wand of digging (0:5) a wand of lightning (0:4) a wand of magic missile (0:2) a wand of magic missile (0:1) a cursed wand of nothing (0:4) a wand of sleep (0:8) a wand of sleep (0:4) a wand of speed monster (0:4) a wand of undead turning (0:5) a magic marker (0:41) 7 uncursed tallow candles Mishka the Valkyrie's attributes: Background: You were a Warrior, a level 14 dwarven Valkyrie. You were lawful, on a mission for Tyr who was opposed by Odin (neutral) and Loki (chaotic). You were in the Dungeons of Doom, on level 27. You entered the dungeon 30561 turns ago. There was a full moon in effect when your adventure ended. You had 82020 experience points, 77980 more were needed to attain level 15. Your score was 173115 before end-of-game adjustments. Basics: You had 0 out of 128 hit points. You had all 29 energy points (spell power). Your armor class was -3. Your wallet was empty, but you had 1030 zorkmids stashed away in your pack. Autopickup was on for '$"%?!=/' plus thrown, with exceptions. Final Characteristics: Your strength was 18/02 (limit:18/100). Your dexterity was 17 (limit:20). Your constitution was 18 (limit:20). Your intelligence was 8 (limit:16). Your wisdom was 14 (limit:16). Your charisma was 8 (limit:16). Final Status: You were held by an electric eel (west). You were not hungry. You were unencumbered. You were wielding a hammer. You had basic skill with hammer. Final Attributes: You were piously aligned. You were magic-protected. You were fire resistant. You were cold resistant. You were sleep resistant. You were poison resistant. You saw invisible. You were telepathic. You were warned. You had infravision. You were stealthy. You had teleport control. You could walk on water. You were guarded. You were fast. You had reflection. You were very lucky. You had extra luck. Bad luck did not time out for you. Good luck did not time out for you. You are dead. Miscellaneous: You encountered 2 bones levels. Total elapsed playing time was 19 hours, 36 minutes and 58 seconds. Major events: Turn 1: Mishka the lawful dwarven Valkyrie entered the dungeon 508: attained the rank of Skirmisher (level 3) 2715: entered the Gnomish Mines 3369: attained the rank of Fighter (level 6) 3369: destroyed DobbyK's ghost, the former Conjurer 4896: consulted the Oracle 5474: destroyed arthur's ghost, the former Conjurer 10070: acquired the Mines' End luckstone 11206: endured an absurd aquatic ceremony, and now wields Excalibur 12249: entered Sokoban 12599: completed 1st Sokoban level 13011: completed 2nd Sokoban level 13479: completed 3rd Sokoban level 14429: completed 4th Sokoban level 14540: attained the rank of Woman-at-arms (level 10) 14581: acquired the Sokoban bag of holding 14633: found Frost Brand on the floor 27196: killed the Oracle 27580: was bestowed with Mjollnir by Tyr 30349: attained the rank of Warrior (level 14) 30561: drowned in a pool of water by an electric eel Vanquished creatures: a glass golem a purple worm 4 gray dragons 3 gold dragons 2 silver dragons 2 red dragons a white dragon 2 orange dragons a green dragon a yellow dragon a baluchitherium 2 trappers a shopkeeper the Oracle 2 clay golems a nurse 2 lurkers above an ettin 18 black puddings a lieutenant 4 ghosts 3 queen bees a mind flayer 3 giant mimics a long worm a zruty 3 ogre tyrants an ice troll 4 rock trolls 2 flesh golems 2 elven monarchs 2 doppelgangers a wumpus 3 stalkers 3 air elementals 3 fire elementals an earth elemental 2 water elementals a giant mummy 2 black nagas a giant zombie 2 elf-nobles 3 water demons 5 wargs 2 winter wolves 3 small mimics a glass piercer a warhorse 2 xans 3 ogre leaders a quantum mechanic 20 trolls a sasquatch a wood golem a marilith 3 gelatinous cubes a pyrolisk 2 freezing spheres a flaming sphere 2 shocking spheres 2 large cats 3 tigers a dwarf ruler 4 tengu 2 ochre jellies 2 energy vortices 5 mountain centaurs 4 stone giants 3 elf mummies a human mummy 2 red nagas 2 pythons a cobra 2 wraiths 2 carnivorous apes an ettin zombie 2 leather golems 11 Grey-elves 7 soldiers 4 chameleons 9 giant beetles 5 quivering blobs 11 cockatrices 15 winter wolf cubs 3 lynxes a panther 7 gremlins a spotted jelly 9 leprechauns 11 orc-captains 2 iron piercers 4 mumakil 5 giant spiders a scorpion a horse 4 ice vortices 3 black lights 5 vampire bats 7 forest centaurs 6 gnome rulers 4 orc mummies 2 dwarf mummies 4 ogres 2 brown puddings 3 rust monsters 6 owlbears 4 yetis 5 gold golems 2 werewolves 6 Green-elves 14 lizards a chickatrice 2 dingoes a dog 2 jaguars 3 blue jellies a white unicorn 2 gray unicorns 3 dust vortices a raven 11 plains centaurs a gnome mummy 4 snakes 3 water moccasins 4 apes 8 human zombies a rope golem 6 Woodland-elves 36 soldier ants 15 fire ants 21 bugbears 3 quasits 6 wood nymphs 6 water nymphs 3 mountain nymphs 10 Mordor orcs 13 Uruk-hai 12 orc shamans a rock piercer 3 rock moles 2 ponies 3 fog clouds 3 yellow lights 4 shriekers 3 violet fungi 17 gnome leaders 7 gnomish wizards 2 kobold mummies a black naga hatchling a guardian naga hatchling 5 gray oozes 8 elf zombies 2 ghouls a straw golem a paper golem a baby crocodile 14 giant ants a little dog 9 floating eyes a kitten 15 dwarves 2 homunculi 6 kobold leaders 2 kobold shamans 40 hill orcs 7 rothes 5 centipedes 6 giant bats 4 monkeys 17 orc zombies 7 dwarf zombies a wererat a werejackal 13 iguanas 45 killer bees 3 acid blobs 3 coyotes 6 hobbits 9 manes 4 large kobolds 21 hobgoblins 6 orcs 11 giant rats 5 cave spiders a brown mold 2 yellow molds 4 red molds 48 gnomes 8 garter snakes 6 gnome zombies 11 geckos 14 jackals a fox 4 kobolds 5 goblins 5 sewer rats 4 grid bugs 3 bats 7 lichens 3 kobold zombies 11 newts 1015 creatures vanquished. No species were genocided or became extinct. Voluntary challenges: You read items or engraved 36 times. You engraved Elbereth 10 times. You never genocided any monsters. You never polymorphed an object. You never changed form. You used no wishes. You violated the special Sokoban rules twice. Achievements: You attained the rank of Skirmisher. You entered a shop. You entered the Gnomish Mines. You attained the rank of Fighter. You consulted the Oracle of Delphi. You completed the Gnomish Mines. You entered Sokoban. You attained the rank of Woman-at-arms. You completed Sokoban. You attained the rank of Warrior. The Dungeons of Doom: levels 1 to 27 Level 1: Level 2: An armor shop. Level 3: A fountain. Level 4: "Small stash" Stairs down to The Gnomish Mines. Level 5: Some fountains. Oracle of Delphi. Level 6: "STASH" Stairs up to Sokoban, level 5. Level 7: A grave. Final resting place for DobbyK-Wiz-Elf-Mal-Cha, killed by a raven, while fainted from lack of food. Level 8: "Stash" A fountain. Level 9: Level 10: An untended shop. Level 11: Summoned by the Norn. Portal to The Quest. Level 12: A fountain. Level 13: "Actual stash***" A fountain. Level 14: "Big Stash" A fountain, a grave. Level 15: Level 16: A primitive area. Level 17: Many fountains. Level 18: "LICH above!!!" Level 19: Level 20: Level 21: A fountain, a sink. Level 22: Level 23: Level 24: Level 25: A fountain. Level 26: "STASH" A fountain. Level 27: <- You were here. Final resting place for you, drowned in a pool of water by an electric eel. The Gnomish Mines: levels 5 to 13 Level 5: Level 6: A grave. Final resting place for arthur-Wiz-Gno-Mal-Neu, killed by a giant ant. Level 7: Level 8: An altar to Tyr. Level 9: Level 10: Level 11: Level 12: Level 13: The Quest: Level 1: A fountain. Home. Sokoban: levels 5 up to 2 Level 2: Solved. Level 3: Solved. Level 4: Solved. Level 5: Solved. Game over: ---------- / \ / REST \ / IN \ / PEACE \ / \ | Mishka | | 1030 Au | | drowned in a | | pool of water by | | an electric eel | | | | 2023 | *| * * * | * _________)/\\_//(\/(/\)/\//\/|_)_______ Farvel Mishka the Valkyrie... You drowned in The Dungeons of Doom on dungeon level 27 with 173012 points, and 1030 pieces of gold, after 30561 moves. You were level 14 with a maximum of 128 hit points when you drowned.